 Dungeon Crawl Stone Soup version 0.28.0-53-g5a82cb258f (webtiles) character file.

Game seed: 6852014199495891081

975 quixfox the Cleaver (level 8, -5/71 HPs)
             Began as a Hill Orc Fighter on July 15, 2022.
             Slain by a vampire (8 damage)
             ... on level 8 of the Dungeon.
             The game lasted 00:09:58 (4860 turns).

quixfox the Cleaver (Hill Orc Fighter)              Turns: 4860, Time: 00:09:58

Health: -5/71      AC: 20    Str: 18 (21) XL:     8   Next: 16%
Magic:  8/8        EV:  5    Int:  6 (8)  God:
Gold:   235        SH:  4    Dex:  9 (10) Spells: 7/7 levels left

rFire   . . .      SeeInvis +   o - +0 war axe (venom)
rCold   . . .      Faith    .   c - +0 buckler
rNeg    . . .      Spirit   .   p - +0 plate armour
rPois   .          Reflect  .   i - +1 helmet
rElec   .          Harm     .   q - +0 cloak
rCorr   .          Rampage  .   (no gloves)
Will    .....                   (no boots)
Stlth   ..........              (no amulet)
HPRegen 0.21/turn               l - +4 ring of protection
MPRegen 0.11/turn               r - ring of see invisible

@: on berserk cooldown, slowed, very slow
A: no striking features
a: no special abilities


You were on level 8 of the Dungeon.
You visited 1 branch of the dungeon, and saw 6 of its levels.
You also visited: Sewer.

You collected 235 gold pieces.

Inventory:

Hand Weapons
 j - the +3 executioner's axe "Fouclod" {flame, rCorr Stlth+}
   (You acquired it on level 5 of the Dungeon)

   It burns those it strikes, dealing additional fire damage.
   Big, fiery blades are also staple armaments of hydra-hunters.
   rCorr:     It protects you from acid and corrosion.
   Stlth:     It makes you more stealthy.
 o - a +0 war axe of venom (weapon)
Armour
 c - a +0 buckler (worn)
 i - a +1 helmet (worn)
 p - a +0 plate armour (worn)
 q - a +0 cloak (worn)
Jewellery
 l - a +4 ring of protection (left hand)
 n - a ring of ice
 r - a ring of see invisible (right hand)
Wands
 b - a wand of flame (34)
 k - a wand of iceblast (16)
Scrolls
 e - a scroll of teleportation
 t - a scroll of fog {unknown}
Potions
 d - a potion of might
 f - 3 potions of resistance
 g - a potion of lignification
 h - 2 potions of brilliance


   Skills:
 + Level 6.5 Fighting
 * Level 9.0 Axes
 + Level 5.9 Armour
 - Level 3.2 Shields


You had 7 spell levels left.
You didn't know any spells.
Your spell library contained the following spells:

 Spells                   Type           Power      Damage    Failure   Level
 Ensorcelled Hibernation  Hex/Ice        0%         N/A       100%        2
 Passwall                 Tmut/Erth      0%         N/A       100%        2
 Swiftness                Air            0%         N/A       100%        3


Dungeon Overview and Level Annotations

Branches:
Dungeon (5/15)               Lair (0/6) D:8           Sewer (visited)
 Temple: D:4-7

Altars:
Makhleb


Message History

The stone hits the vampire but does no damage.
The vampire hits you but does no damage.
The vampire bites you but does no damage.
The kobold throws a stone.
The stone hits the vampire but does no damage.
You closely miss the vampire.
The vampire is heavily damaged.
The vampire hits you but does no damage.
The vampire barely misses you.
The kobold throws a stone.
The stone closely misses the vampire.
The stone barely misses you.
You hit the vampire but do no damage.
The vampire is heavily damaged.
The vampire hits you but does no damage.
You block the vampire's attack.
The vampire hits you but does no damage.
The vampire bites you but does no damage.
The kobold throws a stone.
The stone barely misses the vampire.
The stone hits you.
You barely miss the vampire.
The vampire is heavily damaged.
The vampire hits you but does no damage.
The vampire bites you!
* * * LOW HITPOINT WARNING * * *
The vampire draws strength from your injuries!
The vampire hits you.
* * * LOW HITPOINT WARNING * * *
You block the vampire's attack.
You barely miss the vampire.
The vampire is lightly damaged.
The kobold throws a stone.
The stone closely misses the vampire.
The stone closely misses you. The vampire hits you!
* * * LOW HITPOINT WARNING * * *
The vampire bites you.
* * * LOW HITPOINT WARNING * * *
The vampire draws strength from your injuries!
It was a potion of degeneration.
There was something very wrong with that liquid.
You feel weakened.
You feel dopey.
You feel clumsy. The vampire hits you!
You die... #.P..PPPPPSP...

##.......P.l...
#.....P....###
#.########## # .
...
#.#########.....
#......@VK......
##########.....#
..### ##


You could see a vampire (invisible) and a kobold.

Vanquished Creatures
  Eustachio (D:5)
  Pargi (Sewer)
  A phantom (D:5)
  2 kobold brigands
  A gnoll sergeant (D:5)
  A centaur zombie (D:5)
  A centaur skeleton (D:5)
  3 hounds
  2 iguanas
  A gnoll shaman (D:5)
  An orc wizard (D:3)
  A hound zombie (D:5)
  Robin (D:2)
  8 gnolls (D:5)
  2 river rats (D:4)
  An ufetubus (D:5)
  2 worms
  A dart slug (D:4)
  4 orcs
  3 bats
  3 endoplasms
  3 giant cockroaches
  10 goblins
  6 hobgoblins
  9 jackals
  11 kobolds
  A quokka (D:4)
  9 ball pythons
  3 frilled lizards
  9 rats
102 creatures vanquished.

Vanquished Creatures (others)
  26 fungi (D:8)
  25 plants (D:8)
51 creatures vanquished.

Grand Total: 153 creatures vanquished

Notes
Turn   | Place    | Note
-------+----------+-------------------------------------------
     0 | D:1      | quixfox the Hill Orc Fighter began the quest for the Orb.
     0 | D:1      | Reached XP level 1. HP: 19/19 MP: 1/1
   367 | D:1      | Reached skill level 3 in Axes
   523 | D:1      | Reached XP level 2. HP: 25/27 MP: 2/2
  1031 | D:2      | Reached XP level 3. HP: 20/33 MP: 3/3
  1275 | D:2      | Noticed Robin
  1279 | D:2      | Reached skill level 4 in Axes
  1287 | D:2      | Killed Robin
  1872 | D:3      | Found a faded altar of an unknown god.
  1967 | D:3      | Reached XP level 4. HP: 40/40 MP: 4/4
  2585 | D:3      | Reached skill level 5 in Axes
  2605 | D:3      | Reached XP level 5. HP: 28/47 MP: 5/5
  2936 | D:4      | Found a glowing drain.
  2957 | Sewer    | Entered a sewer
  2978 | Sewer    | Noticed a kobold brigand
  2983 | Sewer    | Killed a kobold brigand
  3142 | Sewer    | Noticed Pargi
  3155 | Sewer    | Killed Pargi
  3156 | Sewer    | Reached skill level 5 in Fighting
  3156 | Sewer    | Reached skill level 6 in Axes
  3156 | Sewer    | Reached XP level 6. HP: 36/56 MP: 6/6
  3649 | D:4      | Found a burning altar of Makhleb.
  3996 | D:5      | Entered Level 5 of the Dungeon
  3997 | D:5      | Identified a scroll of acquirement
  3997 | D:5      | Acquired the +3 executioner's axe "Fouclod" {flame, rCorr
                  | Stlth+}
  4058 | D:5      | Reached skill level 7 in Axes
  4058 | D:5      | Reached skill level 5 in Armour
  4058 | D:5      | Reached XP level 7. HP: 37/61 MP: 7/7
  4512 | D:5      | Noticed Eustachio
  4543 | D:5      | Reached skill level 8 in Axes
  4549 | D:5      | Killed Eustachio
  4795 | D:5      | Reached XP level 8. HP: 68/71 MP: 8/8
  4813 | D:5      | You fall into a shaft and drop 3 floors!
  4813 | D:8      | Noticed a yak
  4813 | D:8      | Noticed a komodo dragon
  4813 | D:8      | Found a staircase to the Lair.
  4827 | D:8      | Noticed a vampire
  4840 | D:8      | Reached skill level 9 in Axes
  4859 | D:8      | HP: 2/71 [vampire (3)]
  4860 | D:8      | Slain by a vampire

Illustrated notes

Levels and vault maps discovered:
D:1:      dpeg_arrival_stonehenge_8_columns, layout_basic
D:2:      layout_loops_cross, hangedman_decor_peaks_small, uniq_robin
D:3:      layout_basic, basic_ecumenical_altar, minmay_misc_feat_ornament,
          item_on_display_a
D:4:      layout_loops_ring, lemuel_round_altar, portal_sewer_entry_b
D:5:      layout_cave_pools, serial_gnoll_camp, gnoll_camp_huts_basic,
          gnoll_camp_mini_sergeant, gnoll_camp_mini_basic,
          gnoll_camp_mini_basic, nicolae_sextant, grunt_ministairs_8,
          uniq_eustachio
D:8:      layout_cave_pools, mainiacjoe_overflow_large_starburst,
          due_lair_maze_entry_diamond

Skill      XL: |  1  2  3  4  5  6  7  8 |
---------------+-------------------------+-----
Axes           | 3 4 5 6 7 8 9 |  9.0
Fighting       | 4 5 6 |  6.5
Armour         | 4 5 |  5.9
Shields        | |  3.2

Action                   |  1- 3 |  4- 6 |  7- 9 || total
-------------------------+-------+-------+-------++-------
Melee: War axe           |   105 |   112 |    94 ||   311
  Use: Scroll            |       |     9 |     2 ||    11
       Potion            |       |       |     3 ||     3
Armor: Scale mail        |    50 |    32 |       ||    82
       Plate armour      |       |    59 |    90 ||   149
Dodge: Dodged            |    55 |    46 |    39 ||   140
Block: Buckler           |    20 |    28 |    29 ||    77
